 Dungeon Crawl Stone Soup version 0.19-a0-664-g51fd293 (webtiles) character file.

77 Alacar the Skirmisher (level 4, -3/37 HPs)
             Began as a Demonspawn Abyssal Knight on June 15, 2016.
             Was a Believer of Lugonu.
             Slain by a gnoll
             ... wielding a +0 halberd
              (4 damage)
             ... on level 2 of the Dungeon.
             The game lasted 00:13:02 (2719 turns).

Alacar the Skirmisher (Demonspawn Abyssal Knight)   Turns: 2719, Time: 00:13:02

Health: -3/37      AC:  9    Str: 13 (14) XL:     4   Next: 13%
Magic:  5/5        EV:  3    Int: 11 (13) God:    Lugonu [**....]
Gold:   109        SH:  6    Dex: 10 (12) Spells: 0 memorised, 3 levels left

rFire  . . .     SeeInvis +     a - +1 spear
rCold  . . .     Gourm    .     e - +1 chain mail
rNeg   . . .     Faith    .     r - +0 shield
rPois  .         Spirit   .     (no helmet)
rElec  .         Dismiss  .     (no cloak)
rCorr  .         Reflect  .     (no gloves)
SustAt .         Harm     .     (no boots)
MR     .....                    (no amulet)
Stlth  ..........               o - ring of see invisible
                                (no ring)

@: not resistant to hostile enchantments, extremely unstealthy
A: hooves 1
a: Depart the Abyss, Bend Space, Renounce Religion


You were on level 2 of the Dungeon.
You worshipped Lugonu.
Lugonu was pleased with you.
You were full.

You visited 1 branch of the dungeon, and saw 2 of its levels.
You visited the Abyss 1 time.

You collected 109 gold pieces.

Inventory:

Hand Weapons
 a - a +1 spear (weapon)
 d - a +0 spear
Missiles
 i - 48 stones (quivered)
 k - 31 sling bullets
Armour
 e - a +1 chain mail (worn)
 n - a +0 ring mail of poison resistance
 r - a +0 shield (worn)
Jewellery
 h - the ring "Wioson" {+Blink +Fly Str+5 Int+4 Slay-5}
   (You found it on level 2 of the Abyss)

   [ring of strength]

   It affects your strength (+5).
   It affects your intelligence (+4).
   It affects your accuracy and damage with ranged weapons and melee attacks
   (-5).
   It lets you fly.
   It lets you blink.
 o - a ring of see invisible (right hand)
Scrolls
 f - a scroll of noise {unknown}
 p - a scroll of blinking
 q - a scroll of teleportation {unknown}
Potions
 g - 3 potions of degeneration
 j - a potion of cancellation
Comestibles
 c - 2 bread rations


   Skills:
 + Level 3.7 Fighting
 + Level 2.2 Polearms
 + Level 2.6 Armour
 + Level 1.6 Dodging
 + Level 2.5 Invocations


You had 3 spell levels left.
You didn't know any spells.

Dungeon Overview and Level Annotations

Branches:
Dungeon (2/15)

Altars:
Ashenzari


Innate Abilities, Weirdness & Mutations

You have large cloven feet.


Message History

You hit the gnoll but do no damage. You kick the gnoll, but do no damage.
The gnoll is moderately wounded.
You block the gnoll's attack.
The gnoll hits you from afar with a spear.
You block the gnoll's attack.
You hit the gnoll. Your kick misses the gnoll.
The gnoll is heavily wounded.
The gnoll barely misses you.
The gnoll hits you from afar with a spear.
The gnoll hits you but does no damage. The gnoll hits you with a halberd!
* * * LOW HITPOINT WARNING * * *
You hit the gnoll. You kick the gnoll, but do no damage.
The gnoll is severely wounded.
The gnoll hits you from afar with a spear.
* * * LOW HITPOINT WARNING * * *
The gnoll hits you but does no damage.
You hit the gnoll. Your kick misses the gnoll.
The gnoll is severely wounded.
The gnoll hits you with a halberd.
You die...

#.......########## ###
#......###.......# #..
#.##.............# #.#
#.##...###.......####.#
#.##.....#..........#.#
#.##..)..#.......##.#.#
#.##...###.)....[#.....
#......###..>....#.....
####.g@g.).#######....#
#g####### ####.#
###.######### #.#
#..gg........ #.#
#.#.#ยง.#### #.#
#.#....# ..# # #....#
##...# ....# #


You could see 3 gnolls.

Vanquished Creatures
  3 adders (D:2)
  A dart slug (D:1)
  A giant gecko (D:1)
  7 bats
  3 giant cockroaches (D:1)
  8 goblins
  5 hobgoblins
  A quokka (D:2)
  6 giant newts
  7 kobolds
  6 rats
48 creatures vanquished.

Notes
Turn   | Place    | Note
--------------------------------------------------------------
     0 | Abyss:1  | Alacar the Demonspawn Abyssal Knight began the quest for the Orb.
     0 | Abyss:1  | Reached XP level 1. HP: 18/18 MP: 2/2
    35 | Abyss:2  | Found a corrupted altar of Lugonu.
    57 | Abyss:2  | Noticed a neqoxec
    68 | Abyss:2  | Noticed a crimson imp
    74 | Abyss:2  | Noticed a large abomination
    80 | Abyss:2  | Got a smoking silver ring
    86 | D:1      | Escaped the Abyss
    99 | D:1      | Identified the ring "Wioson" {+Blink +Fly Str+5 Int+4 Slay-5} (You found it on level 2 of the Abyss)
   670 | D:1      | Reached * piety under Lugonu
   670 | D:1      | Gained mutation: You have large cloven feet. [demonic ancestry]
   670 | D:1      | Reached XP level 2. HP: 24/24 MP: 3/3
  1227 | D:1      | Reached XP level 3. HP: 19/29 MP: 4/4
  1448 | D:2      | Reached skill level 1 in Dodging
  1531 | D:2      | Found a shattered altar of Ashenzari.
  1811 | D:2      | Reached XP level 4. HP: 36/37 MP: 5/5
  1883 | D:2      | Reached ** piety under Lugonu
  2718 | D:2      | HP: 1/37 [gnoll/spear (6)]
  2719 | D:2      | Slain by a gnoll

Vault maps used:
D:1:      sevenhm_arrival_forest_fort_large_1
D:2:      nicolae_ashenzari_panopticon

Skill      XL: |  1  2  3 |
---------------+----------+-----
Armour         | 2 |  2.6
Polearms       | 2 |  2.2
Dodging        | 1 |  1.6
Fighting       | |  3.7
Invocations    | |  2.5

Action                   |  1- 3 |  4- 6 || total
-------------------------+-------+-------++-------
Melee: Spear             |   401 |    27 ||   428
       Kick              |    60 |     3 ||    63
Invok: Depart the Abyss  |     1 |       ||     1
       Bend Space        |       |     2 ||     2
  Use: Scroll            |     4 |       ||     4
       Potion            |     3 |       ||     3
  Eat: Chunk             |     4 |     2 ||     6
       Meat ration       |       |     1 ||     1
Armor: Chain mail        |   268 |    18 ||   286
Dodge: Dodged            |   166 |     7 ||   173
Block: Shield            |       |     7 ||     7
